 Dungeon Crawl Stone Soup version 0.30.1 (webtiles) character file.

Game seed: 12268054519320182401

25647 Graphine the Markself (level 12, -4/65 HPs)
             Began as a Deep Elf Hunter on July 11, 2023.
             Was a Priest of Hepliaklqana.
             Slain by a bog body (20 damage)
             ... on level 3 of the Lair of Beasts.
             The game lasted 00:36:10 (12148 turns).

Graphine the Markself (Deep Elf Hunter)            Turns: 12148, Time: 00:36:11

Health: -4/65      AC: 14    Str:  8    XL:     12   Next: 91%
Magic:  22/22      EV: 22    Int: 18    God:    Hepliaklqana [***...]
Gold:   281        SH:  0    Dex: 20    Spells: 20/22 levels left

rFire   + + .        N - +12 triple crossbow of Dowdy Valiance {flame, rElec}
rCold   . . .        (shield currently unavailable)
rNeg    . . .        E - +3 leather armour {rF+}
rPois   .            R - +1 helmet of Yredelemnul's Regard {Harm rF+ rCorr}
rElec   +            (no cloak)
rCorr   +            k - +2 pair of gloves
SInv    .            w - +2 pair of boots
Will    +....        j - amulet of the acrobat
Stlth   ++           c - ring of wizardry
HPRegen 0.30/turn    y - ring of resist corrosion
MPRegen 0.18/turn

%: harm (+30% outgoing, +20% incoming), acrobat, wizardry (x1)
@: no status effects
A: reduced essence
a: Renounce Religion, Recall Ancestor, Ancestor Identity, Transference


You were on level 3 of the Lair of Beasts.
You worshipped Hepliaklqana.
Hepliaklqana was most pleased with you.
You visited 3 branches of the dungeon, and saw 13 of its levels.
You also visited: Ossuary.

You collected 773 gold pieces.
You spent 492 gold pieces at shops.

Inventory:

Hand Weapons
 a - a +0 shortbow
 u - a +0 arbalest
 N - the +12 triple crossbow of Dowdy Valiance (weapon) {flame, rElec}
   (You acquired it on level 2 of the Lair of Beasts)

   rElec:     It insulates you from electricity.
Missiles
 q - 2 datura-tipped darts
Armour
 i - a scarf of shadows
 k - a +2 pair of gloves (worn)
 n - a +2 helmet
 w - a +2 pair of boots (worn)
 E - a +3 leather armour of fire resistance (worn)
 K - a +2 tower shield
 M - a +2 pair of boots of rampaging
 R - the +1 helmet of Yredelemnul's Regard (worn) {Harm rF+ rCorr}
   (You found it on level 3 of the Lair of Beasts)

   rF:        It protects you from fire.
   rCorr:     It protects you from acid and corrosion.
   Harm:      It increases damage dealt and taken.
Magical Staves
 p - a staff of earth
 D - the staff of death "Affink" {rC+ rN+}
   (You found it on level 8 of the Dungeon)

   [staff of death]

   Base accuracy: +5 Base damage: 5 Base attack delay: 1.2 This weapon's minimum
   attack delay (0.6) is reached at skill level 12.
   rC:        It protects you from cold.
   rN:        It protects you from negative energy.
   It falls into the 'Staves' category.
   It is a one-handed weapon.
 O - a staff of cold
Jewellery
 c - a ring of wizardry (left hand)
 d - a ring of protection from fire
 j - an amulet of the acrobat (around neck)
 y - a ring of resist corrosion (right hand)
 G - a +4 ring of protection
 I - an amulet of regeneration
 P - a ring of poison resistance
Wands
 g - a wand of mindburst (8)
 l - a wand of flame (15)
 J - a wand of iceblast (7)
 Q - a wand of charming (3)
Scrolls
 b - 7 scrolls of immolation
 s - 2 scrolls of fog
 t - 3 scrolls of amnesia
 x - a scroll of poison
 z - 3 scrolls of magic mapping
 H - a scroll of enchant armour
 L - a scroll of identify
Potions
 e - 2 potions of magic
 f - 3 potions of berserk rage
 h - a potion of cancellation
 m - 4 potions of flight
 o - a potion of invisibility
 r - 3 potions of brilliance
 v - 3 potions of mutation
 A - a potion of lignification
 B - 2 potions of resistance
 C - 7 potions of curing
 F - a potion of haste


   Skills:
 - Level 8.0 Fighting
 - Level 18.0 Ranged Weapons
 - Level 15.0 Dodging
 - Level 1.2 Stealth
 * Level 5.8 Spellcasting
 * Level 5.8 Hexes
 * Level 4.8 Ice Magic


You had 20 spell levels left.
You knew the following spells:

 Your Spells              Type           Power      Damage    Failure   Level
a - Ensorcelled Hibernat  Hex/Ice        48%        N/A       1%          2

Your spell library contained the following spells:

 Spells                   Type           Power      Damage    Failure   Level
 Sandblast                Erth           10%        2d5       8%          1
 Lesser Beckoning         Tloc           10%        N/A       11%         2
 Passwall                 Tmut/Erth      4%         N/A       11%         2
 Gell's Gravitas          Tloc           5%         N/A       21%         3
 Spider Form              Tmut/Pois      5%         N/A       21%         3
 Stone Arrow              Conj/Erth      10%        3d7       21%         3
 Teleport Other           Tloc           5%         N/A       21%         3
 Anguish                  Hex/Necr       7%         N/A       21%         4
 Simulacrum               Ice/Necr       6%         N/A       98%         6
 Ozocubu's Refrigeration  Ice            11%        4d9       100%        7
 Polar Vortex             Ice            11%        N/A       100%        9


Dungeon Overview and Level Annotations

Branches:
Dungeon (9/15)             Temple (1/1) D:7            Lair (3/5) D:9
  Swamp (0/4) Lair:3        Snake (0/4) Lair:3      Ossuary (visited)
    Orc: D:9-12

Altars:
Ashenzari
Cheibriados
Elyvilon
Fedhas
Gozag
Hepliaklqana
Kikubaaqudgha
Nemelex Xobeh
Okawaru
Qazlal
Ru
Trog
Uskayaw
Vehumet
Wu Jian
Yredelemnul
Zin
The Shining One

Shops:
D:1 *![([   D:2 [   D:8 :!?


Message History

Aim: a bog body (moderately damaged, ally target, 79% to hit)
You shoot a bolt. The bolt hits the bog body!
The bolt burns the bog body.
The bog body is severely damaged.
The bog body misses you.
Shiptu hits the bog body with a +0 flail!
The bog body is destroyed!
Fire: N) +12 triple crossbow of Dowdy Valiance {flame, rElec}
Press: ? - help, Q - select action, (/) - cycle Shift-Dir - straight line, f - yak
Aim: a yak (83% to hit)
You shoot a bolt. The bolt barely misses the yak.
Shiptu hits the yak with a +0 flail!
The yak completely misses you.
Unknown command.
Fire: N) +12 triple crossbow of Dowdy Valiance {flame, rElec}
Press: ? - help, Q - select action, (/) - cycle Shift-Dir - straight line, f - bog body, p - yak
Aim: a bog body (79% to hit)
You shoot a bolt. The bolt barely misses the yak.
The bolt hits the yak!!
The bolt burns the yak.
The yak is severely wounded.
The yak barely misses Shiptu.
Shiptu barely misses the yak.
Fire: N) +12 triple crossbow of Dowdy Valiance {flame, rElec}
Press: ? - help, Q - select action, (/) - cycle Shift-Dir - straight line, f/p - bog body
Aim: a bog body (79% to hit)
You shoot a bolt. The bolt hits the yak!!
The bolt burns the yak!
You kill the yak!
Shiptu barely misses the yak.
Fire: N) +12 triple crossbow of Dowdy Valiance {flame, rElec}
Press: ? - help, Q - select action, (/) - cycle Shift-Dir - straight line, f/p - bog body
Aim: a bog body (79% to hit)
You shoot a bolt. The bolt hits the yak!
The bolt burns the yak.
You kill the yak!
Shiptu hits the bog body with a +0 flail!
The bog body touches you. The bog body freezes you!!
Fire: N) +12 triple crossbow of Dowdy Valiance {flame, rElec}
Press: ? - help, Q - select action, (/) - cycle Shift-Dir - straight line, f/p - bog body
Aim: a bog body (lightly damaged, ally target, 79% to hit)
You shoot a bolt. The bolt closely misses the bog body.
The bog body touches you!
* * * LOW HITPOINT WARNING * * *
The bog body freezes you!
You die...

#########.### #.P##.P.#.#..
##............ ###
#########..#..##......
#####.###..........####.#..#.#
##.............♣♣♣♣♣♣
♣.....### #....#....♣♣♣♣♣♣
♣♣♣♣♣♣♣♣♣♣..##
##P......♣♣♣~~~~♣♣~~~~≈≈§~
♣♣##.
##.....=.⌠.÷...♣@n.♣...♣§§>
♣♣##
#........⌠......R♣......§§§
♣P..
.###..#...♣♣♣~~~†♣≈~≈≈≈~♣§S
♣♣...
.##...#.#...♣♣♣♣♣♣♣♣♣♣♣♣♣♣♣
♣....
.###...###P......♣♣♣♣♣♣♣♣.#
#.... ......##
####(#.♣#♣.♣....## ####.
#.##.## #####..#..####.# #.
###..# ##.###..##.###..## #.
.###.## ##.......#...###..# ##


You could see the friendly Shiptu the knight and a bog body (ally target).

Vanquished Creatures
  2 hydras (Lair:3)
  2 boulder beetles
  A skyshark (Lair:2)
  A bog body (Lair:3)
  An ugly thing (D:6)
  3 black mambas
  3 cane toads
  6 komodo dragons
  A rime drake (Lair:1)
  A troll (D:9)
  4 polar bears (D:7)
  17 blink frogs
  A hornet (D:9)
  2 dream sheep (D:7)
  Sigmund (D:3)
  6 wyverns
  5 hogs (D:7)
  2 basilisks
  7 yaks
  8 water moccasins
  A swamp worm (Lair:3)
  The ghost of engelados the Conjurer, an amateur DECj (D:6)
  An orc warrior (D:9)
  4 sky beasts
  6 black bears
  4 ice beasts
  An ogre (D:6)
  17 wolves
  5 centaurs
  3 phantoms (D:5)
  3 kobold brigands
  5 bullfrogs
  3 scorpions
  9 wights
  2 howler monkeys
  An electric eel (Lair:3)
  5 hounds
  4 orc priests
  9 jellies
  4 iguanas
  3 sleepcaps
  Ijyb (D:3)
  8 orc wizards
  2 mummies
  Robin (D:3)
  A gnoll (D:1)
  6 adders
  A white imp (D:6)
  An ufetubus (D:7)
  2 worms
  4 dart slugs
  30 orcs
  3 spectral bats (Ossuary)
  2 bat simulacra (Ossuary)
  3 endoplasms
  5 giant cockroaches
  12 gnoll zombies (Ossuary)
  9 hobgoblins
  4 quokkas
  4 ball pythons
  6 bats
  5 frilled lizards
  19 goblins
  6 goblin simulacra (Ossuary)
  4 goblin zombies (Ossuary)
  2 hobgoblin zombies (Ossuary)
  15 kobolds
  A kobold simulacrum (Ossuary)
  7 kobold zombies (Ossuary)
  5 orc zombies (Ossuary)
  22 rats
  3 rat simulacra (Ossuary)
  3 spectral goblins (Ossuary)
  2 spectral kobolds (Ossuary)
  6 spectral rats (Ossuary)
370 creatures vanquished.

Vanquished Creatures (collateral kills)
  A boulder beetle (Lair:2)
  A bog body (Lair:3)
  A kobold demonologist (D:9)
  A komodo dragon (Lair:1)
  A polar bear (Lair:3)
  2 blink frogs
  A basilisk (Lair:2)
  2 water moccasins
  An orc warrior (D:9)
  A black bear (D:9)
  5 wolves
  2 bullfrogs (Lair:1)
  2 wights (D:8)
  A howler monkey (D:9)
  3 orc wizards (D:9)
  3 orcs (D:9)
28 creatures vanquished.

Vanquished Creatures (others)
  3 ancestors (D:9)
  5 knights
  A butterfly (D:3)
9 creatures vanquished.

Grand Total: 407 creatures vanquished

Notes
Turn   | Place    | Note
-------+----------+-------------------------------------------
     0 | D:1      | Graphine the Deep Elf Hunter began the quest for the Orb.
     0 | D:1      | Reached XP level 1. HP: 12/12 MP: 3/3
    68 | D:1      | Found Hyfystrile's Antique Weapon Shop.
    74 | D:1      | Found Esu Cuakk's Armour Emporium.
   117 | D:1      | Reached XP level 2. HP: 17/17 MP: 4/4
   206 | D:1      | Reached XP level 3. HP: 19/21 MP: 5/5
   212 | D:1      | Found Vohuph's Antique Armour Shoppe.
   405 | D:1      | Found Jony's Distillery.
   409 | D:1      | Found Jeorazaw's General Store.
   438 | D:1      | Bought a scroll of identify for 20 gold pieces
   438 | D:1      | Bought a scroll of identify for 20 gold pieces
   602 | D:2      | Found Ocwed's Antique Armour Shoppe.
   795 | D:2      | Reached skill level 6 in Ranged Weapons
   859 | D:2      | Found a faded altar of an unknown god.
  1224 | D:2      | Reached XP level 4. HP: 27/27 MP: 6/6
  1609 | D:3      | Found a white marble altar of Elyvilon.
  1612 | D:3      | Noticed Robin
  1616 | D:3      | Noticed Sigmund
  1638 | D:3      | Killed Robin
  1873 | D:3      | Killed Sigmund
  1874 | D:3      | Reached skill level 7 in Ranged Weapons
  1874 | D:3      | Reached XP level 5. HP: 13/32 MP: 7/7
  1874 | D:3      | Reached XP level 6. HP: 16/37 MP: 8/8
  2284 | D:3      | Reached skill level 5 in Dodging
  2318 | D:3      | Found a glowing golden altar of the Shining One.
  2481 | D:3      | Noticed Ijyb
  2497 | D:3      | Killed Ijyb
  3061 | D:4      | Reached XP level 7. HP: 26/42 MP: 9/9
  3284 | D:5      | Entered Level 5 of the Dungeon
  3400 | D:1      | Bought a pair of embroidered boots for 187 gold pieces
  3540 | D:5      | Reached skill level 8 in Ranged Weapons
  3761 | D:5      | Reached XP level 8. HP: 39/48 MP: 10/10
  3825 | D:5      | Reached skill level 9 in Ranged Weapons
  4232 | D:6      | Reached skill level 5 in Fighting
  4251 | D:6      | Found a sand-covered staircase.
  4261 | Ossuary  | Entered an ossuary
  4793 | D:6      | Found a runed translucent door.
  4795 | D:6      | Noticed engelados's ghost (amateur DECj)
  4964 | D:6      | Reached skill level 10 in Ranged Weapons
  5173 | D:6      | Reached XP level 9. HP: 54/55 MP: 11/11
  5192 | D:6      | Noticed a red ugly thing
  5230 | D:6      | Killed a red ugly thing
  5231 | D:6      | Reached skill level 11 in Ranged Weapons
  5527 | D:6      | Killed engelados's ghost
  5822 | D:1      | Bought a glowing leather armour for 125 gold pieces
  5966 | D:7      | Found a staircase to the Ecumenical Temple.
  5994 | D:7      | Found a sacrificial altar of Ru.
  6022 | Temple   | Entered the Ecumenical Temple
  6157 | Temple   | Became a worshipper of Hepliaklqana the Forgotten
  6461 | D:7      | Found a hide-covered altar of Uskayaw.
  6504 | D:7      | Noticed a polar bear
  6505 | D:7      | Found a huge runed translucent gate.
  6506 | D:7      | Found a huge runed translucent gate.
  6507 | D:7      | Noticed a polar bear
  6507 | D:7      | Found a huge runed translucent gate.
  6507 | D:7      | Noticed a polar bear
  6507 | D:7      | Noticed a polar bear
  6532 | D:7      | Reached skill level 10 in Dodging
  6541 | D:7      | Found a huge runed translucent gate.
  6981 | D:7      | Reached skill level 12 in Ranged Weapons
  6981 | D:7      | Reached XP level 10. HP: 63/63 MP: 12/12
  6992 | D:7      | Reached skill level 13 in Ranged Weapons
  7299 | D:8      | Identified the staff of death "Affink" {rC+ rN+}
  7306 | D:8      | Reached * piety under Hepliaklqana
  7423 | D:8      | Found a stormy altar of Qazlal.
  7556 | D:8      | Found Ciutio's Book Emporium.
  7678 | D:8      | Found Larebly's Distillery.
  7686 | D:8      | Bought a potion of invisibility for 80 gold pieces
  7928 | D:8      | Found Hyun's Magic Scroll Emporium.
  7937 | D:8      | Bought a scroll of identify for 20 gold pieces
  7937 | D:8      | Bought a scroll of identify for 20 gold pieces
  7937 | D:8      | Bought a scroll of identify for 20 gold pieces
  8210 | D:9      | Reached skill level 14 in Ranged Weapons
  8210 | D:9      | Reached XP level 11. HP: 22/61 MP: 13/13
  8394 | D:9      | Found a staircase to the Lair.
  8545 | D:9      | Reached ** piety under Hepliaklqana
  8546 | D:9      | Remembered your ancestor Shiptu as a knight
  8815 | Lair:1   | Entered Level 1 of the Lair of Beasts
  8815 | Lair:1   | Noticed a boulder beetle
  8878 | Lair:1   | Killed a boulder beetle
  9012 | Lair:1   | Reached skill level 15 in Ranged Weapons
  9993 | Lair:2   | Reached skill level 16 in Ranged Weapons
 10154 | Lair:2   | Found a transporter.
 10156 | Lair:2   | Noticed a boulder beetle
 10158 | Lair:2   | Found a transporter.
 10158 | Lair:2   | Noticed a boulder beetle
 10393 | Lair:2   | Reached XP level 12. HP: 65/65 MP: 14/14
 10394 | Lair:2   | Reached *** piety under Hepliaklqana
 10747 | Lair:2   | Reached skill level 15 in Dodging
 10755 | Lair:2   | Reached skill level 17 in Ranged Weapons
 11226 | Lair:2   | Identified a scroll of acquirement
 11226 | Lair:2   | Acquired the +12 triple crossbow of Dowdy Valiance {flame,
                  | rElec}
 11236 | Lair:2   | Killed a boulder beetle
 11261 | Lair:2   | Killed a boulder beetle
 11324 | Lair:3   | Found a staircase to the Snake Pit.
 11336 | Lair:3   | Noticed a seven-headed hydra
 11338 | Lair:3   | Killed a seven-headed hydra
 11357 | Lair:3   | Noticed an eight-headed hydra
 11360 | Lair:3   | Killed an eight-headed hydra
 11361 | Lair:3   | Reached skill level 18 in Ranged Weapons
 11361 | Lair:3   | Reached skill level 1 in Spellcasting
 11361 | Lair:3   | Reached skill level 1 in Hexes
 11361 | Lair:3   | Reached skill level 1 in Ice Magic
 11364 | Lair:3   | Learned a level 2 spell: Ensorcelled Hibernation
 11710 | Lair:3   | Identified the +1 helmet of Yredelemnul's Regard {Harm rF+
                  | rCorr}
 11901 | Lair:3   | Reached skill level 5 in Spellcasting
 11901 | Lair:3   | Reached skill level 5 in Hexes
 12135 | Lair:3   | Found a staircase to the Swamp.
 12148 | Lair:3   | Slain by a bog body

Illustrated notes

Levels and vault maps discovered:
D:1:      amcnicky_arrival_blooded_trapdoor, layout_basic, serial_shops, shop,
          shop, nicolae_shop_statue_plus, shop, nicolae_square_shop,
          solitary_fountain, minmay_misc_feat_ornament
D:2:      layout_loops_ring, nicolae_ecumenical_pavilion, serial_shops, shop
D:3:      layout_loops_ring, tso_metal_star, nicolae_elyvilon_peaceful_grove,
          minmay_unequal, uniq_ijyb, uniq_sigmund, uniq_robin
D:4:      layout_rooms, minmay_rat_hole
D:5:      layout_loops_cross
D:6:      cheibrodos_barr_body, layout_basic, gup_ossuary_entry_pyramid,
          ebering_ghost_inner_flame
D:7:      lemuel_bear_cage, layout_layer_cave, mainiacjoe_overflow_boulevard,
          lemuel_crystal_altar, temple_hall
D:8:      layout_gridville, nicolae_qazlal_general_emergency, serial_shops,
          shop, shop, nicolae_lakefront_shop
D:9:      layout_roguey, due_lair_maze_entry_diamond
Temple:   nicolae_temple_figure_eight
Lair:1:   layout_roguey, grunt_megastairs_4
Lair:2:   gammafunk_boulding_lane, layout_cave_pods, lemuel_old_faithful,
          serial_bayou_shore_a
Lair:3:   layout_loops_ring, nicolae_swamp_entry_splash_gauntlet,
          dummy_snake_entry, beast_lair_carwin_10, grunt_megastairs_3,
          lemuel_fruit_tree

Skill      XL: |  1  2  3  4  5  6  7  8  9 10 11 12 |
---------------+-------------------------------------+-----
Fighting       | 2 3 4 5 7 8 |  8.0
Dodging        | 3 4 5 7 8 10 12 14 15 | 15.0
Ranged Weapons | 6 7 8 10 12 14 16 18 | 18.0
Spellcasting   | 5 |  5.8
Hexes          | 5 |  5.8
Ice Magic      | 4 |  4.8
Stealth        | |  1.2

Action                     |  1- 3 |  4- 6 |  7- 9 | 10-12 || total
---------------------------+-------+-------+-------+-------++-------
   Fire: Shortbow          |   101 |   155 |       |       ||   256
         Arbalest          |       |    71 |   347 |   350 ||   768
         Triple crossbow   |       |       |       |    79 ||    79
  Throw: Dart              |       |     1 |       |       ||     1
   Cast: Ensorcelled Hiber |       |       |       |     1 ||     1
 Invoke: Ancestor Life: Kn |       |       |       |     1 ||     1
  Evoke: Wand              |       |       |     1 |       ||     1
    Use: Scroll            |     3 |     9 |    11 |    11 ||    34
         Potion            |       |     3 |     1 |     6 ||    10
 Armour: Leather armour    |     8 |    42 |    89 |    73 ||   212
  Dodge: Dodged            |    21 |   103 |   174 |   249 ||   547
